 Dungeon Crawl Stone Soup version 0.25.0-1-g7eea58d2a3 (webtiles) character file.

Game seed: 17289591991454703122

44061 jt the Brawler (level 14, 0/116 HPs)
             Began as a Ghoul Monk on June 14, 2020.
             Was an Elder of Qazlal.
             Slain by a black mamba (2 damage)
             ... on level 6 of the Lair of Beasts.
             The game lasted 01:12:38 (15662 turns).

jt the Brawler (Ghoul Monk)                        Turns: 15662, Time: 01:12:39

Health: 0/116      AC: 18    Str: 22    XL:     14   Next: 27%
Magic:  15/21      EV:  7    Int: 15    God:    Qazlal [****..]
Gold:   906        SH: 10    Dex: 11    Spells: 13/13 levels left

rFire    . . .     SeeInvis +     - Unarmed
rCold    + . .     Gourm    .   X - +0 buckler
rNeg     + + +     Faith    .   p - +0 plate armour
rPois    ∞         Spirit   .   Z - +2 hat
rElec    .         Reflect  .   c - +0 cloak
rCorr    .         Harm     .   (no gloves)
MR       ++...                  A - +0 pair of boots
Stlth    ..........             a - amulet of regeneration
HPRegen  0.00/turn              T - ring of Jealousy {Str+3 Int+6}
MPRegen  0.17/turn              e - ring "Wuvudyec" {rN+ MR+ Int+3 SInv}

@: protected from physical damage, rotting, repel missiles
A: rotting body, claws 1, carnivore, cold resistance 1, negative energy
resistance 3, inhibited regeneration, torment resistance, unbreathing
a: Upheaval, Elemental Force, Renounce Religion


You were on level 6 of the Lair of Beasts.
You worshipped Qazlal.
Qazlal was greatly pleased with you.
You were not hungry.

You visited 4 branches of the dungeon, and saw 18 of its levels.

You collected 1032 gold pieces.
You spent 126 gold pieces at shops.

Inventory:

Hand Weapons
 s - a +5 executioner's axe of venom
 w - a +6 war axe
 x - a +2 vampiric trident
 H - a +2 hunting sling of flaming
 K - a +2 spear of venom
 Q - a +1 shortbow of freezing
 R - a +0 fustibalus
 V - the +9 hunting sling "Kyliasoru" {venom, rC+}
   (You found it on level 1 of the Lair of Beasts)

   It poisons the ammo it fires.
   It protects you from cold.
Missiles
 h - 393 stones
 k - 82 sling bullets
 t - 14 poisoned darts (quivered)
 y - 5 silver javelins
 E - 11 javelins
 N - 8 boomerangs
Armour
 c - a +0 cloak (worn)
 p - a +0 plate armour (worn)
 u - a +0 pair of gloves
 v - a +0 scale mail of fire resistance
 A - a +0 pair of boots (worn)
 X - a +0 buckler (worn)
 Z - a +2 hat (worn)
Magical Staves
 n - an uncursed staff of poison
 P - an uncursed staff of conjuration
 U - an uncursed staff of earth
Jewellery
 a - an amulet of regeneration (around neck)
 e - the ring "Wuvudyec" (right claw) {rN+ MR+ Int+3 SInv}
   (You found it on level 7 of the Dungeon)

   [ring of protection from magic]

   It affects your intelligence (+3).
   It protects you from negative energy.
   It affects your resistance to hostile enchantments.
   It lets you see invisible.
 f - an uncursed ring of resist corrosion
 m - an uncursed amulet of guardian spirit
 T - the ring of Jealousy (left claw) {Str+3 Int+6}
   (You found it on level 9 of the Dungeon)

   [ring of intelligence]

   It affects your strength (+3).
   It affects your intelligence (+6).
Wands
 j - a wand of digging (3)
 G - a wand of iceblast (20)
 O - a wand of enslavement (7)
 W - a wand of paralysis (4)
Scrolls
 i - 5 scrolls of identify
 l - 4 scrolls of teleportation
 q - a scroll of enchant weapon
 r - 3 scrolls of magic mapping
 C - 5 scrolls of remove curse
 F - 2 scrolls of fog
 Y - 2 scrolls of enchant armour
Potions
 d - a potion of might
 g - a potion of curing
 B - 2 potions of ambrosia
 D - a potion of stabbing
 I - 2 potions of magic
 M - 3 potions of resistance
Miscellaneous
 o - a phial of floods (inert)
Comestibles
 b - 24 rations


   Skills:
 - Level 8.5 Fighting
 + Level 1.4(3.6) Slings
 - Level 5.3(5.4) Throwing
 - Level 2.0 Armour
 - Level 2.6 Dodging
 - Level 2.1 Stealth
 - Level 4.0 Shields
 + Level 18.5 Unarmed Combat
 + Level 11.9 Invocations
 - Level 6.6 Evocations


You had 13 spell levels left.
You didn't know any spells.
Your spell library contained the following spells:

 Spells                   Type           Power        Failure   Level  Hunger
 Corona                   Hex            #......      100%        1    ##.....
 Magic Dart               Conj           #...         100%        1    ##.....
 Summon Small Mammal      Summ           #...         100%        1    ##.....
 Blink                    Tloc           N/A          100%        2    ###....
 Call Imp                 Summ           #.......     100%        2    ###....
 Slow                     Hex            #.......     100%        2    ###....
 Call Canine Familiar     Summ           #.......     100%        3    ####...
 Conjure Flame            Conj/Fire      #.......     100%        3    ####...
 Inner Flame              Hex/Fire       #.......     100%        3    ####...
 Mephitic Cloud           Conj/Pois/Air  #.......     100%        3    ####...
 Portal Projectile        Hex/Tloc       #.....       100%        3    ####...
 Summon Guardian Golem    Hex/Summ       #.......     100%        3    ####...
 Cause Fear               Hex            #.........   100%        4    #####..
 Leda's Liquefaction      Hex/Erth       #.........   100%        4    #####..
 Summon Ice Beast         Ice/Summ       #.......     100%        4    #####..
 Summon Lightning Spire   Summ/Air       #.......     100%        4    #####..


Dungeon Overview and Level Annotations

Branches:
Dungeon (10/15)            Temple (1/1) D:7            Lair (6/6) D:10
  Swamp (0/4) Lair:2       Spider (0/4) Lair:3          Orc (1/2) D:10
  Slime: Lair:5-6

Altars:
Fedhas
Gozag
Hepliaklqana
Makhleb
Qazlal
Ru
Sif Muna
Xom
Yredelemnul
The Shining One

Shops:
D:10 ([?

Annotations:
D:3 3 runed translucent doors, DevastatorOne's ghost, amateur HOFi


Innate Abilities, Weirdness & Mutations

Your body is rotting away.
You thrive on raw meat.
You are immune to poison.
You have sharp fingernails.
You are carnivorous and can eat meat at any time.
Your flesh is cold resistant. (rC+)
You are immune to negative energy. (rN+++)
You do not regenerate when monsters are visible.
You are immune to unholy pain and torment.
You can survive without breathing.


Message History

The black mamba is engulfed in blazing flames.
The black mamba bites you!
* * * LOW HITPOINT WARNING * * *
The black mamba is engulfed in blazing flames.
The black mamba bites you but does no damage.
Press: ? - help, v - describe, . - travel
Here: a black mamba (flame, moderately wounded)
The floor.
Okay, then.
Press: ? - help, v - describe, . - travel
Here: a rime drake The floor.
The ice encasing you melts away.
The black mamba is engulfed in blazing flames.
The black mamba bites you!
* * * LOW HITPOINT WARNING * * *
The rime drake bites you but does no damage.
The black mamba is engulfed in blazing flames.
The black mamba bites you.
You die...

######## ###.#.#..###
#.○○P☼.#...#..
#.....P....... # #
#.S@ll.F......##. ##
#.##kl§.........F..#l
#....○○...........†≈Y
....F...........≈.≈(†
.................≈≈≈.#
≈....≈≈≈.....P≈≈≈§§..(
##≈P##≈≈##P≈#.≈≈##≈.(.
#≈P .t≈# ≈≈##≈≈ #....
≈≈#..


You could see a black mamba, 2 spiny frogs, a rime drake, a crocodile
(wandering) and 3 wyverns.

Vanquished Creatures
  Rupert (Lair:3)
  Kirke (Lair:4)
  Nessos (Lair:4)
  Snorg (Lair:5)
  5 hydras
  2 two-headed ogres (D:9)
  Urug (Lair:3)
  The ghost of Hyawatha the Poker, a novice GrAr of Okawaru (D:9)
  A manticore (Lair:6)
  2 black mambas
  11 elephants
  A gargoyle (D:9)
  14 spiny frogs
  2 rime drakes
  7 komodo dragons
  2 jumping spiders (Lair:3)
  3 polar bears
  2 bog bodies (Lair:2)
  A hornet (Lair:6)
  4 dream sheep (Lair:4)
  16 blink frogs
  6 hippogriffs
  3 wyverns
  A wraith (D:10)
  A shadow (D:9)
  35 yaks
  5 hogs (Lair:4)
  2 basilisks
  2 hungry ghosts (D:8)
  An acid dragon (D:9)
  9 water moccasins
  12 porcupines
  5 orc warriors
  2 ice beasts
  A phantom (D:8)
  2 sky beasts
  A necrophage (D:8)
  11 ogres
  8 wolves
  3 centaurs
  11 crocodiles
  7 bullfrogs
  A big kobold (D:8)
  2 scorpions
  2 howler monkeys
  3 wights (D:6)
  5 electric eels
  A bullfrog zombie (D:5)
  4 crimson imps (D:9)
  2 hounds
  A bullfrog skeleton (D:5)
  2 centaur skeletons
  A gnoll shaman (D:3)
  4 orc priests
  6 jellies
  5 orc wizards
  5 hell rats
  2 iguanas
  7 worker ants
  A hound skeleton (D:5)
  3 worker ant zombies
  A howler monkey zombie (D:9)
  15 gnolls
  11 adders
  3 river rats
  3 shadow imps
  An ooze (D:2)
  3 adder skeletons
  An adder zombie (D:9)
  2 worms
  5 leopard geckos
  31 orcs
  10 giant cockroaches
  5 goblins
  4 hobgoblins
  17 jackals
  5 quokkas
  2 ball pythons (D:3)
  7 bats
  6 frilled lizards
  A giant cockroach zombie (D:5)
  12 kobolds
  A quokka skeleton (D:8)
  18 rats
  A fungus (Lair:1)
429 creatures vanquished.

Vanquished Creatures (collateral kills)
  An elephant (Lair:2)
1 creature vanquished.

Vanquished Creatures (others)
  A human (Lair:5)
  2 fungi
  5 plants
8 creatures vanquished.

Grand Total: 438 creatures vanquished

Notes
Turn   | Place    | Note
-------+----------+-------------------------------------------
     0 | D:1      | jt the Ghoul Monk began the quest for the Orb.
     0 | D:1      | Reached XP level 1. HP: 19/19 MP: 0/0
   163 | D:1      | Reached XP level 2. HP: 25/26 MP: 1/1
   206 | D:1      | Reached skill level 4 in Unarmed Combat
   816 | D:1      | Reached XP level 3. HP: 31/31 MP: 2/2
  1310 | D:2      | Reached skill level 5 in Unarmed Combat
  1389 | D:2      | Reached XP level 4. HP: 37/38 MP: 3/3
  1485 | D:2      | Reached skill level 1 in Armour
  1765 | D:3      | Found a stormy altar of Qazlal.
  1846 | D:3      | Found a runed translucent gate.
  1846 | D:3      | Found a runed translucent gate.
  1846 | D:3      | Found a runed translucent gate.
  1846 | D:3      | Noticed DevastatorOne's ghost (amateur HOFi)
  1993 | D:3      | Reached XP level 5. HP: 33/45 MP: 4/4
  2479 | D:3      | Became a worshipper of Qazlal Stormbringer
  2479 | D:3      | Reached * piety under Qazlal
  2479 | D:3      | Reached ** piety under Qazlal
  2508 | D:3      | Reached skill level 6 in Unarmed Combat
  2860 | D:4      | Found a burning altar of Makhleb.
  2910 | D:4      | Noticed an ogre
  2932 | D:4      | Noticed an ogre
  2972 | D:4      | Noticed an ogre
  2980 | D:4      | Killed an ogre
  2980 | D:4      | Reached skill level 7 in Unarmed Combat
  2980 | D:4      | Reached XP level 6. HP: 30/51 MP: 5/5
  3041 | D:4      | Reached skill level 1 in Evocations
  3045 | D:4      | HP: 2/50 [hound (4)]
  3056 | D:4      | Reached skill level 10 in Unarmed Combat
  3056 | D:4      | Reached XP level 7. HP: 10/69 MP: 5/10
  3452 | D:4      | Reached skill level 1 in Invocations
  3452 | D:4      | Reached XP level 8. HP: 75/75 MP: 11/11
  4075 | D:5      | Entered Level 5 of the Dungeon
  4239 | D:5      | Reached skill level 11 in Unarmed Combat
  4449 | D:5      | Reached *** piety under Qazlal
  4598 | D:5      | Identified the cursed +2 rapier "Hotiq" {holy, *Rage rPois
                  | MR++ Stlth+}
  5062 | D:6      | Reached XP level 9. HP: 82/82 MP: 12/12
  6164 | D:7      | Found a basalt altar of Yredelemnul.
  6170 | D:7      | Got a scorched pewter ring
  6171 | D:7      | Identified the ring "Wuvudyec" {rN+ MR+ Int+3 SInv} (You
                  | found it on level 7 of the Dungeon)
  6173 | D:7      | Found a sacrificial altar of Ru.
  6278 | D:7      | Found a staircase to the Ecumenical Temple.
  6285 | Temple   | Entered the Ecumenical Temple
  6652 | D:8      | Reached **** piety under Qazlal
  6657 | D:8      | Reached skill level 5 in Invocations
  6835 | D:8      | Reached skill level 12 in Unarmed Combat
  6925 | D:8      | Reached XP level 10. HP: 79/90 MP: 13/13
  7167 | D:8      | Found a shimmering blue altar of Sif Muna.
  7396 | D:9      | Noticed a two-headed ogre
  7466 | D:9      | Found a runed translucent door.
  7473 | D:9      | Noticed Hyawatha's ghost (novice GrAr)
  7518 | D:9      | Killed Hyawatha's ghost
  7518 | D:9      | Reached skill level 13 in Unarmed Combat
  7675 | D:9      | Killed a two-headed ogre
  7765 | D:9      | Found a glowing golden altar of the Shining One.
  8300 | D:9      | Found a shimmering altar of Xom.
  8312 | D:9      | Found a hazy altar of Hepliaklqana.
  8361 | D:9      | Noticed a gargoyle
  8363 | D:9      | Killed a gargoyle
  8363 | D:9      | Reached skill level 14 in Unarmed Combat
  8400 | D:9      | Noticed a two-headed ogre
  8409 | D:9      | Killed a two-headed ogre
  8409 | D:9      | Reached XP level 11. HP: 75/95 MP: 11/14
  8624 | D:9      | Got a coiled marble ring
  8625 | D:9      | Identified the ring of Jealousy {Str+3 Int+6} (You found it
                  | on level 9 of the Dungeon)
  8930 | D:10     | Entered Level 10 of the Dungeon
  9051 | D:10     | Found a staircase to the Orcish Mines.
  9052 | D:10     | Found Laeckig's Weapon Shoppe.
  9053 | D:10     | Found Mielylya's Armour Shoppe.
  9118 | D:10     | Bought a +0 pair of boots for 63 gold pieces
  9126 | Orc:1    | Entered Level 1 of the Orcish Mines
  9128 | Orc:1    | Noticed an orc sorcerer
  9485 | D:10     | Reached skill level 15 in Unarmed Combat
  9573 | D:10     | Found Zohanitto's Magic Scroll Shoppe.
  9644 | D:10     | Found a staircase to the Lair.
  9929 | Lair:1   | Entered Level 1 of the Lair of Beasts
 10225 | Lair:1   | Noticed a seven-headed hydra
 10228 | Lair:1   | Reached skill level 16 in Unarmed Combat
 10245 | Lair:1   | Killed a seven-headed hydra
 10512 | Lair:1   | Got a masterwork hunting sling
 10513 | Lair:1   | Identified the +9 hunting sling "Kyliasoru" {venom, rC+}
                  | (You found it on level 1 of the Lair of Beasts)
 10601 | Lair:1   | Reached XP level 12. HP: 74/102 MP: 15/15
 11088 | Lair:2   | Noticed a four-headed hydra
 11159 | Lair:2   | Killed a four-headed hydra
 11673 | Lair:2   | Noticed a four-headed hydra
 11683 | Lair:2   | Killed a four-headed hydra
 11683 | Lair:2   | Reached skill level 17 in Unarmed Combat
 11943 | Lair:2   | Found a staircase to the Swamp.
 12361 | Lair:3   | Noticed Rupert
 12478 | Lair:3   | Reached XP level 13. HP: 85/108 MP: 19/19
 12534 | Lair:3   | Reached skill level 10 in Invocations
 12549 | Lair:3   | Reached skill level 1 in Throwing
 12646 | Lair:3   | HP: 3/108 [Rupert/+5 executioner's axe of venom (47)]
 12650 | Lair:3   | Killed Rupert
 12732 | Lair:3   | Identified the +2 leather armour "Iqataf" {Harm rN+ Regen+}
                  | (You found it on level 3 of the Lair of Beasts)
 12856 | Lair:3   | Found a hole to the Spider Nest.
 13384 | D:10     | Bought a +0 buckler for 63 gold pieces
 13482 | Lair:4   | Noticed Urug
 13529 | Lair:4   | Noticed Nessos
 13688 | Lair:3   | Reached skill level 1 in Shields
 13713 | Lair:3   | Killed Urug
 13713 | Lair:3   | Reached skill level 18 in Unarmed Combat
 13943 | Lair:4   | Killed Nessos
 14777 | Lair:5   | Noticed Snorg
 14791 | Lair:5   | Noticed Kirke
 14952 | Lair:4   | Reached XP level 14. HP: 87/116 MP: 21/21
 15004 | Lair:4   | Reached ***** piety under Qazlal
 15034 | Lair:5   | Killed Snorg
 15034 | Lair:5   | Reached skill level 5 in Throwing
 15061 | Lair:4   | Killed Kirke
 15618 | Lair:6   | Entered Level 6 of the Lair of Beasts
 15639 | Lair:6   | Reached skill level 1 in Slings
 15643 | Lair:6   | Noticed a dire elephant
 15662 | Lair:6   | HP: 2/116 [black mamba (9)]
 15662 | Lair:6   | Slain by a black mamba

Illustrated notes

Levels and vault maps discovered:
D:1:      grunt_arrival_crossed_arrows, layout_loops_ring,
          minmay_worlds_worst_comb
D:2:      layout_loops_ring, first_ration
D:3:      layout_rooms, lemuel_round_altar, ebering_ghost_rock_garden,
          grunt_decor_cap, st_stairs_5, feat_on_display
D:4:      layout_rooms, lemuel_crystal_altar, minmay_misc_feat_rows
D:5:      layout_basic
D:6:      layout_loops_corners
D:7:      layout_basic, minitemple, minmay_temple_entry_tees
D:8:      layout_loops_ring, overflow_temple_1_default
D:9:      minmay_the_grid_triangle_9x9_recursive_2_mashed
          [minmay_the_grid_triangle_9x9_prize_schism,
          minmay_the_grid_triangle_9x9_odd_lines,
          minmay_the_grid_triangle_9x9_alien,
          minmay_the_grid_triangle_9x9_flanged_cone], layout_long_grid,
          lemuel_crystal_altar, kennysheep_little_box, lemuel_crystal_altar,
          ebering_ghost_reflecting_pool
D:10:     layout_long_grid, david_lair_shrubbed, orc_david_3, serial_shops,
          shop_fountains
Temple:   dpeg_chambers_temple
Lair:1:   layout_long_grid, nicolae_quartered_pool_super
Lair:2:   layout_hall_layers, nicolae_swamp_entry_splash_gauntlet,
          infiniplex_staircase_pool_2
Lair:3:   layout_cave_shapes, spider_nest_entry_funnel_web,
          kennysheep_abandoned_house, uniq_rupert
Lair:4:   statuecave_lemuel, layout_misc_corridors, beast_lair_carwin_8,
          uniq_urug, uniq_nessos
Lair:5:   layout_misc_corridors, uniq_snorg, uniq_kirke
Lair:6:   gammafunk_lair_ancient_temple, layout_misc_corridors, slime_altar_1,
          kennysheep_basilisk_garden
Orc:1:    layout_caves, basic_altar, david_defended_altar_orc

Skill      XL: |  1  2  3  4  5  6  7  8  9 10 11 12 13 14 |
---------------+-------------------------------------------+-----
Unarmed Combat | 4 5 7 10 11 12 14 16 17 18 | 18.5
Armour         | 1 2 |  2.0
Evocations     | 6 |  6.6
Fighting       | 8 |  8.5
Invocations    | 1 3 5 6 9 11 | 11.9
Throwing       | 4 5 |  5.3
Shields        | 3 4 |  4.0
Slings         | 1 |  1.4
Dodging        | |  2.6
Stealth        | |  2.1

Action                   |  1- 3 |  4- 6 |  7- 9 | 10-12 | 13-15 || total
-------------------------+-------+-------+-------+-------+-------++-------
Melee: Unarmed           |   107 |   147 |   304 |   480 |   290 ||  1328
       Punch             |     1 |     2 |     7 |    27 |     5 ||    42
       Trident           |       |       |       |     6 |       ||     6
 Fire: Hunting sling     |       |       |     6 |    18 |    55 ||    79
       Hand crossbow     |       |       |    12 |       |       ||    12
       Fustibalus        |       |       |       |     2 |       ||     2
Throw: Stone             |    38 |     7 |       |       |       ||    45
       Dart              |       |    57 |    65 |    93 |    47 ||   262
       Boomerang         |       |       |       |     4 |       ||     4
Invok: Upheaval          |       |       |     2 |     7 |     2 ||    11
       Elemental Force   |       |       |       |     1 |     1 ||     2
       Disaster Area     |       |       |       |       |     1 ||     1
Evoke: Wand              |       |     6 |     4 |     8 |     6 ||    24
       Phial of floods   |       |       |       |     1 |     1 ||     2
  Use: Scroll            |       |     4 |    10 |     6 |     8 ||    28
       Potion            |       |     4 |       |     7 |     4 ||    15
 Stab: Sleeping          |     3 |       |       |       |       ||     3
       Paralysed         |       |       |       |       |     9 ||     9
  Eat: Chunk             |    10 |    21 |    42 |   104 |    87 ||   264
Armor: Robe              |    13 |       |       |       |       ||    13
       Chain mail        |    16 |    87 |    41 |       |       ||   144
       Plate armour      |       |       |    51 |   224 |   161 ||   436
Dodge: Dodged            |    46 |    49 |    60 |   127 |    99 ||   381
       Repelled          |       |       |     1 |     1 |     4 ||     6
Block: Other             |       |     1 |    21 |    97 |    14 ||   133
       Buckler           |       |       |       |       |   114 ||   114
